 Dungeon Crawl Stone Soup version 0.21-a0-426-g98080a9 (webtiles) character file.

974 mastercheaf21 the Martial Artist (level 8, -5/48 HPs)
             Began as an Octopode Transmuter on Nov 7, 2017.
             Slain by an ogre
             ... wielding a +0 giant club
              (25 damage)
             ... on level 4 of the Dungeon.
             The game lasted 00:36:02 (8246 turns).

mastercheaf21 the Martial Artist (OpTm)             Turns: 8246, Time: 00:36:03

Health: -5/48      AC:  1    Str: 12    XL:     8   Next: 16%
Magic:  11/11      EV: 13    Int: 15    God:
Gold:   171        SH:  0    Dex: 12    Spells: 10/11 levels left

rFire    . . .     SeeInvis .     - Unarmed
rCold    . . .     Gourm    .   (no shield)
rNeg     . . .     Faith    .   (helmet restricted)
rPois    .         Spirit   .   (no amulet)
rElec    .         Reflect  .   (no ring)
rCorr    .         Harm     .   (no ring)
MR       .....                  (no ring)
Stlth    ++++......             (no ring)
HPRegen  0.16/turn              (no ring)
MPRegen  0.12/turn              (no ring)
                                (no ring)
                                (no ring)

@: no status effects
A: almost no armour, stealthy swim, amphibious, 8 rings, constrict 8, camouflage
1, gelatinous body 1
a: no special abilities


You were on level 4 of the Dungeon.
You were hungry.

You visited 1 branch of the dungeon, and saw 4 of its levels.

You collected 171 gold pieces.

Inventory:

Hand Weapons
 r - a +0 halberd of venom
 t - a +1 vampiric trident
Missiles
 a - 38 arrows
Armour
 l - a +0 buckler
Scrolls
 f - 2 scrolls of identify {unknown}
 g - 3 scrolls of remove curse {unknown}
 h - a scroll of magic mapping {unknown}
 i - 3 scrolls of teleportation {unknown}
 j - a scroll of blinking {unknown}
 o - a scroll of immolation {unknown}
 p - 2 scrolls of amnesia {unknown}
Potions
 e - a potion of resistance {unknown}
 k - 2 potions of haste {unknown}
 m - 4 potions of curing {unknown}
 n - a potion of mutation {unknown}
 q - a potion of magic {unknown}
 s - 3 potions of flight {unknown}
 u - a potion of heal wounds {unknown}
 w - a potion of might {unknown}
Books
 b - a book of Changes

   Spells                             Type                      Level
   a - Beastly Appendage              Transmutation                1
   b - Sticks to Snakes               Transmutation                2
   c - Spider Form                    Transmutation/Poison         3
   d - Ice Form                       Ice/Transmutation            4
   e - Blade Hands                    Transmutation                5
 c - a book of Callings

   Spells                             Type                      Level
   a - Summon Small Mammal            Summoning                    1
   b - Call Imp                       Summoning                    2
   c - Call Canine Familiar           Summoning                    3
   d - Summon Guardian Golem          Hexes/Summoning              3
   e - Summon Lightning Spire         Summoning/Air                4
   f - Summon Ice Beast               Ice/Summoning                4
Comestibles
 d - a royal jelly


   Skills:
 - Level 1.0 Fighting
 - Level 2.0 Dodging
 * Level 6.5 Stealth
 + Level 1.3 Shields
 + Level 8.2 Unarmed Combat
 - Level 2.0 Spellcasting
 - Level 2.0 Transmutations


You had 10 spell levels left.
You knew the following spells:

 Your Spells              Type           Power        Failure   Level  Hunger
a - Beastly Appendage     Tmut           #.....       10%         1    #......


Dungeon Overview and Level Annotations

Branches:
Dungeon (4/15)
 Temple: D:4-7

Altars:
Ashenzari
Cheibriados
Fedhas
Gozag
Hepliaklqana
Okawaru
Trog
Vehumet
Xom
Zin


Innate Abilities, Weirdness & Mutations

You cannot wear most types of armour.
You are very stealthy in the water. (Stealth+)
You are amphibious.
You can wear up to eight rings at the same time.
You can use your tentacles to constrict eight enemies at once.
Your skin changes colour to match your surroundings (Stealth+).
Your rubbery body absorbs attacks. (AC +1, EV +1)


Message History

You tentacle-slap the ogre.
The ogre is heavily wounded.
You barely miss the ogre. You squeeze the ogre, but do no damage.
The ogre is heavily wounded.
The ogre barely misses you.
You tentacle-slap the ogre but do no damage.
Your squeeze misses the ogre.
The ogre is heavily wounded.
The ogre closely misses you.
You completely miss the ogre.
Your tentacle-slap misses the ogre.
The ogre is heavily wounded.
You tentacle-slap the ogre but do no damage.
You squeeze the ogre.
The ogre is heavily wounded.
The ogre hits you with a giant club!!
You tentacle-slap the ogre.
The ogre is severely wounded.
The ogre hits you with a giant club!!
Ouch! That really hurt!
You die...

#......# #####......#
###########...#.......
.........#....#.......
........#....'.......
......#....#.......
#...###...#.......
####...###...#)......
#..O@...'....#.......
#.......#....########
#.......#.....#
+.......#.....#
#.......#.....#
#....####....## #....#
###### ......


You could see an ogre.

Vanquished Creatures
  Purgy (D:3)
  An ogre (D:1)
  A gnoll sergeant (D:3)
  6 gnoll shamans (D:3)
  A worker ant (D:4)
  38 gnolls
  A howler monkey skeleton (D:4)
  4 adders
  An ooze (D:1)
  5 worms
  2 dart slugs (D:1)
  4 leopard geckos
  4 orcs
  3 giant cockroaches
  5 goblins
  9 hobgoblins
  19 jackals
  6 kobolds
  2 quokkas
  A ball python (D:1)
  7 bats
  3 frilled lizards
  9 rats
133 creatures vanquished.

Notes
Turn   | Place    | Note
-------+----------+-------------------------------------------
     0 | D:1      | mastercheaf21 the Octopode Transmuter began the quest for the Orb.
     0 | D:1      | Reached XP level 1. HP: 13/13 MP: 3/3
    39 | D:1      | Reached skill level 1 in Stealth
   518 | D:1      | Reached XP level 2. HP: 14/18 MP: 5/5
  1051 | D:1      | Reached XP level 3. HP: 13/23 MP: 6/6
  1816 | D:2      | Reached skill level 5 in Stealth
  1816 | D:2      | Reached XP level 4. HP: 20/28 MP: 5/7
  2240 | D:2      | Noticed an ogre
  2410 | D:2      | Found a shattered altar of Ashenzari.
  2419 | D:2      | Found a blossoming altar of Fedhas.
  2421 | D:2      | Found a radiant altar of Vehumet.
  2421 | D:2      | Found a glowing silver altar of Zin.
  2424 | D:2      | Found a snail-covered altar of Cheibriados.
  2781 | D:2      | Reached XP level 5. HP: 20/33 MP: 8/8
  2869 | D:2      | Reached skill level 4 in Unarmed Combat
  3025 | D:2      | Found an opulent altar of Gozag.
  3659 | D:1      | Killed an ogre
  3659 | D:1      | Reached skill level 5 in Unarmed Combat
  3659 | D:1      | Reached XP level 6. HP: 26/38 MP: 9/9
  3800 | D:3      | Found a shimmering altar of Xom.
  3801 | D:3      | Found a hazy altar of Hepliaklqana.
  3801 | D:3      | Noticed a tentacled monstrosity
  3802 | D:3      | Noticed a tentacled monstrosity
  3802 | D:3      | Noticed a spectral ugly thing
  4060 | D:3      | Found a shattered altar of Ashenzari.
  4256 | D:3      | Found an iron altar of Okawaru.
  4266 | D:3      | Found a bloodstained altar of Trog.
  4496 | D:3      | Noticed Purgy
  4735 | D:3      | Killed Purgy
  4735 | D:3      | Reached skill level 6 in Unarmed Combat
  5149 | D:3      | Reached XP level 7. HP: 29/43 MP: 10/10
  5459 | D:3      | Reached skill level 7 in Unarmed Combat
  5705 | D:3      | Reached skill level 1 in Shields
  7160 | D:3      | Reached skill level 8 in Unarmed Combat
  7160 | D:3      | Reached XP level 8. HP: 42/48 MP: 11/11
  8246 | D:4      | Slain by an ogre

Vault maps used:
D:1:      lemuel_arrival_broad_hall, minmay_split_cup_small
D:2:      minitemple, lemuel_statue_altar
D:3:      lemuel_castle_with_subvaults, regret_index_temple_of_mockery,
          amethyst_overflow_temple_binary, evilmike_ruin_ashenzari, uniq_purgy
D:4:      gammafunk_steamed_eel, nicolae_ru_great_annihilating_truth,
          uniq_grinder

Skill      XL: |  1  2  3  4  5  6  7 |
---------------+----------------------+-----
Stealth        | 2 3 5 6 |  6.5
Unarmed Combat | 5 6 8 |  8.2
Shields        | 1 |  1.3
Fighting       | |  1.0
Dodging        | |  2.0
Spellcasting   | |  2.0
Transmutations | |  2.0

Action                   |  1- 3 |  4- 6 |  7- 9 || total
-------------------------+-------+-------+-------++-------
Melee: Unarmed           |    89 |   167 |   138 ||   394
       Constrict         |    24 |    36 |    35 ||    95
       Punch             |     3 |     4 |     4 ||    11
       Tentacles         |    12 |    30 |    34 ||    76
       Kick              |     1 |     5 |     6 ||    12
 Cast: Beastly Appendage |     1 |     3 |     3 ||     7
 Stab: Sleeping          |     4 |     7 |     3 ||    14
  Eat: Chunk             |     2 |     7 |     5 ||    14
       Royal jelly       |       |     1 |     1 ||     2
       Bread ration      |       |     1 |       ||     1
Armor: Skin              |    18 |    11 |       ||    29
Dodge: Dodged            |    87 |   111 |    52 ||   250
Block: Buckler           |       |    13 |       ||    13

Table legend:
 A = Spawn XP
 B = Non-spawn XP
 C = Spawn XP percentage of total XP
 D = Spawn monster count
 E = Non-spawn monster count
 F = Spawn count percentage of total count
 G = Total turns spent on level
                    A         B        C        D         E        F      G
               +---------+---------+-------+---------+---------+-------+---------
         Total |       0 |    1392 |   0.0 |       0 |     133 |   0.0 |  8246
               +---------+---------+-------+---------+---------+-------+---------
           D:1 |       0 |     183 |   0.0 |       0 |      29 |   0.0 |  1783
           D:2 |       0 |     137 |   0.0 |       0 |      27 |   0.0 |  1868
           D:3 |       0 |    1005 |   0.0 |       0 |      71 |   0.0 |  4259
           D:4 |       0 |      67 |   0.0 |       0 |       6 |   0.0 |   336
               +---------+---------+-------+---------+---------+-------+---------
